 Dungeon Crawl Stone Soup version 0.29.0-4-gdea44cf6ec (webtiles) character file.

Game seed: 5575587081640012920

53 qw the Ruffian (level 3, -1/28 HPs)
             Began as a Ghoul Fire Elementalist on Aug 29, 2022.
             Slain by an orc
             ... wielding a +0 club
              (2 damage)
             ... on level 3 of the Dungeon.
             The game lasted 00:01:40 (2109 turns).

qw the Ruffian (Ghoul Fire Elementalist)            Turns: 2109, Time: 00:01:41

Health: -1/28      AC:  6    Str: 13    XL:     3   Next: 89%
Magic:  4/4        EV: 10    Int: 10    God:
Gold:   72         SH:  0    Dex:  9    Spells: 4/5 levels left

rFire   . . .      SeeInvis .     - Unarmed
rCold   + . .      Faith    .   (no shield)
rNeg    + + +      Spirit   .   d - +0 ring mail
rPois   inf        Reflect  .   (no helmet)
rElec   .          Harm     .   (no cloak)
rCorr   .          Rampage  .   (no gloves)
Will    .....                   h - +0 pair of boots {Stlth+}
Stlth   ++........              (no amulet)
HPRegen 0.00/turn               (no ring)
MPRegen 0.09/turn               (no ring)

@: inhibited regen
A: claws 1, cold resistance 1, negative energy resistance 3, inhibited
regeneration, torment resistance 2, devour on kill
a: no special abilities


You were on level 3 of the Dungeon.
You visited 1 branch of the dungeon, and saw 3 of its levels.

You collected 111 gold pieces.
You spent 39 gold pieces at shops.


Innate Abilities, Weirdness & Mutations

You are immune to poison.
You have sharp fingernails.
Your flesh is cold resistant. (rC+)
You are immune to negative energy. (rN+++)
You do not regenerate when monsters are visible.
You are immune to unholy pain and torment.
You thrive by killing the living.


   Skills:
 - Level 1.0 Fighting
 - Level 1.7 Dodging
 - Level 2.1 Stealth
 + Level 3.4 Unarmed Combat
 - Level 1.7 Spellcasting
 - Level 0.7 Conjurations
 - Level 2.4 Fire Magic


You had 4 spell levels left.
You knew the following spells:

 Your Spells              Type           Power      Damage    Failure   Level
a - Foxfire               Conj/Fire      16%        2x1d4     36%         1

Your spell library contained the following spells:

 Spells                   Type           Power      Damage    Failure   Level
 Scorch                   Fire           10%        2d5       36%         2
 Conjure Flame            Conj/Fire      4%         6-21      73%         3
 Inner Flame              Hex/Fire       3%         N/A       78%         3
 Flame Wave               Conj/Fire      4%         2d5       98%         4

Inventory:

Armour
 d - a +0 ring mail (worn)
 h - a +0 pair of boots of stealth (worn)
Scrolls
 b - 2 scrolls of identify
Potions
 a - 2 potions of curing
 c - a potion of cancellation

Dungeon Overview and Level Annotations

Branches:
Dungeon (3/15)

Altars:

Shops:
D:2 !


Message History

The adder is lightly wounded.
The adder bites you but does no damage.
You closely miss the adder.
The adder is lightly wounded.
The adder bites you but does no damage. x2
You miss the adder.
The adder is lightly wounded.
The white imp gestures at you. The puff of frost misses you.
The adder barely misses you.
You barely miss the adder. Your claw misses the adder.
The adder is lightly wounded.
The adder closely misses you. The orc hits you but does no damage.
You scratch the adder but do no damage.
The adder is lightly wounded.
The adder barely misses you. The white imp hits you. The white imp freezes you.
You resist. The orc misses you.
You scratch the adder but do no damage.
The adder is lightly wounded.
The adder bites you. The white imp completely misses you.
The orc hits you with a +0 club. The adder closely misses you.
You barely miss the adder.
The adder is lightly wounded.
The adder barely misses you. The white imp hits you. The white imp freezes you.
You resist. The orc hits you with a +0 club.
You miss the adder.
The adder is lightly wounded.
The adder bites you.
The white imp hits you but does no damage.
The orc closely misses you.
You closely miss the adder.
The adder is lightly wounded.
The adder barely misses you. The white imp barely misses you.
The orc hits you but does no damage.
You closely miss the adder.
The adder is lightly wounded.
The adder bites you but does no damage. The white imp gestures at you.
The puff of frost hits you. You resist. The adder bites you but does no damage.
The orc hits you with a +0 club.
You die...

..#.######...#.#
....#...(...<#.#
#..##.########.# .
......##.....#.### ##.#
##.#####.###.#...# ... .
##'#####.###.....##.##.#
........................
....####.............#
.....# #########@o.###
.....#### ### #S5.#
###.....#.... #...#
#.......... .....#
###.......... .....#
........#.... .......
...###### ... .####...
...# .### .... ...# .


You could see an adder, a white imp and an orc.

Vanquished Creatures
  2 adders (D:2)
  A worm (D:2)
  3 ball pythons
  4 goblins
  3 hobgoblins
  4 kobolds
  5 quokkas
  3 bats (D:1)
  2 frilled lizards
  5 rats
32 creatures vanquished.

Notes
Turn   | Place    | Note
-------+----------+-------------------------------------------
     0 | D:1      | qw the Ghoul Fire Elementalist began the quest for the Orb.
     0 | D:1      | Reached XP level 1. HP: 14/14 MP: 2/2
     0 | D:1      | 0 ||| qw: Version: 0.1-a-90-g952f4b7
     0 | D:1      | 0 ||| qw: Game counter: 3791
     0 | D:1      | 0 ||| qw: Always use a shield: true
     0 | D:1      | 0 ||| qw: God list: Okawaru
     0 | D:1      | 0 ||| qw: Allow faded altars: false
     0 | D:1      | 0 ||| qw: Do Orc after D:15 true
     0 | D:1      | 0 ||| qw: Do second Lair branch before Depths: true
     0 | D:1      | 0 ||| qw: Lair rune preference: random
     0 | D:1      | 0 ||| qw: Plans: Normal
     0 | D:1      | 0 ||| PLANNING D:1-11
   290 | D:1      | Reached skill level 1 in Unarmed Combat
   386 | D:1      | Reached skill level 1 in Fighting
   386 | D:1      | Reached XP level 2. HP: 23/23 MP: 3/3
   604 | D:1      | 604 ||| Stepping ~*~*~tactically~*~*~ (stealth).
   605 | D:1      | 605 ||| Stepping ~*~*~tactically~*~*~ (stealth).
   831 | D:1      | 831 ||| UPGRADING to +0 ring mail.
   841 | D:1      | 841 ||| DROPPING +0 robe.
   842 | D:1      | 842 ||| READING 2 scrolls labelled UMAENASTRIO.
   843 | D:1      | 843 ||| DROPPING potion of magic.
   895 | D:2      | Found Ettyrecw's Distillery.
   909 | D:2      | Reached skill level 2 in Unarmed Combat
   909 | D:2      | Reached XP level 3. HP: 28/28 MP: 4/4
   912 | D:2      | 912 ||| BUYING potion of curing (39 gold).
   912 | D:2      | Bought a potion of curing for 39 gold pieces
   912 | D:2      | 912 ||| SHOPLISTING potion of curing (39 gold, have 11).
   912 | D:2      | 912 ||| SHOPLISTING potion of haste (130 gold, have 11).
   990 | D:2      | 990 ||| Stepping ~*~*~tactically~*~*~ (outnumbered).
   991 | D:2      | 991 ||| Stepping ~*~*~tactically~*~*~ (outnumbered).
  1119 | D:2      | Reached skill level 3 in Unarmed Combat
  1459 | D:2      | 1459 ||| Stepping ~*~*~tactically~*~*~ (stealth).
  1941 | D:2      | 1941 ||| DROPPING orb of light.
  1942 | D:2      | 1942 ||| UPGRADING to +0 pair of boots of stealth.
  1947 | D:2      | 1947 ||| READING scroll labelled NEYDOLIDDU.
  1951 | D:2      | 1951 ||| READING scroll labelled NEPRUC SUMIYZ.
  1952 | D:2      | 1952 ||| READING 4 scrolls of identify.
  1952 | D:2      | 1952 ||| IDENTIFYING silvery potion
  1953 | D:2      | 1953 ||| READING 3 scrolls of identify.
  1953 | D:2      | 1953 ||| IDENTIFYING fuming clear potion
  1954 | D:2      | 1954 ||| DROPPING potion of flight.
  2107 | D:3      | HP: 5/28 [adder (3)]
  2109 | D:3      | HP: 1/28 [white imp/puff of frost (4)]
  2109 | D:3      | Slain by an orc

Levels and vault maps discovered:
D:1:      wheals_arrival_linesprint, layout_rooms
D:2:      layout_loops_corners, serial_shops, shop
D:3:      layout_basic, hellmonk_ecumenical_altar_leap_of_faith

Skill      XL: |  1  2  3 |
---------------+----------+-----
Unarmed Combat | 1 2 3 |  3.4
Fighting       | 1 |  1.0
Dodging        | |  1.7
Stealth        | |  2.1
Spellcasting   | |  1.7
Conjurations   | |  0.7
Fire Magic     | |  2.4

Action                   || total
-------------------------++-------
Melee: Unarmed           ||   127
       Punch             ||     1
  Use: Scroll            ||     5
 Stab: Distracted        ||     1
Armor: Robe              ||     4
       Ring mail         ||    30
Dodge: Dodged            ||    62

Table legend:
 A = Non-vault XP
 B = Vault XP
 C = Vault XP percentage of total XP
 D = Non-vault monster count
 E = Vault monster count
 F = Vault count percentage of total count
                 A         B        C        D         E       F
            +---------+---------+-------+---------+---------+-------
      Total |      77 |       0 |   0.0 |      32 |       0 |   0.0
            +---------+---------+-------+---------+---------+-------
        D:1 |      21 |       0 |   0.0 |      14 |       0 |   0.0
        D:2 |      52 |       0 |   0.0 |      15 |       0 |   0.0
        D:3 |       4 |       0 |   0.0 |       3 |       0 |   0.0
            +---------+---------+-------+---------+---------+-------
